 Dungeon Crawl Stone Soup version 0.20.1-1-g8b1a95d66d (webtiles) character file.

7422 Ivernyr the Frost Mage (level 11, -2/102 HPs)
             Began as a Human Ice Elementalist on Nov 30, 2017.
             Was a Priest of Ru.
             Slain by a killer bee (4 damage)
             ... on level 8 of the Dungeon on Dec 1, 2017.
             The game lasted 01:11:53 (14980 turns).

Ivernyr the Frost Mage (Human Ice Elementalist)    Turns: 14980, Time: 01:11:54

Health: -2/102     AC: 34    Str:  8    XL:     11   Next: 36%
Magic:  18/18      EV:  2    Int: 22    God:    Ru [***...]
Gold:   563        SH:  0    Dex: 13    Spells: 6/20 levels left

rFire    + . .     SeeInvis .   H - +10 quarterstaff of Action {flame, rF+ rN+}
rCold    . . .     Gourm    .   (shield currently unavailable)
rNeg     + + +     Faith    .   (armour currently unavailable)
rPois    +         Spirit   .   (helmet currently unavailable)
rElec    .         Reflect  .   (cloak currently unavailable)
rCorr    .         Harm     .   (gloves currently unavailable)
MR       .....     NoTele   +   (boots currently unavailable)
Stlth    ++........             (no amulet)
Regen    0.3/turn               q - +2 ring of evasion (curse)
MPRegen  0.2/turn               F - +2 ring of intelligence

@: lethally poisoned (-2 -> -19), icy armour, tree-form, hasted, very quick
A: inability to read while threatened, inability to use devices
a: Draw Out Power, Renounce Religion


You were on level 8 of the Dungeon.
You worshipped Ru.
Ru was most pleased with you.
You were hungry.
You were a tree.
You visited 3 branches of the dungeon, and saw 12 of its levels.

You collected 563 gold pieces.

Inventory:

Hand Weapons
 H - the +10 quarterstaff of Action (weapon) {flame, rF+ rN+}
   (You found it on level 7 of the Dungeon)

   It has been specially enchanted to burn those struck by it, causing extra
   injury to most foes and up to half again as much damage against particularly
   susceptible opponents.
   It protects you from fire.
   It protects you from negative energy.
Armour
 a - the +0 robe "Ybohuhau" (melded) {Int+6}
   (You found it on level 5 of the Dungeon)

   It affects your intelligence (+6).
 g - a +0 pair of gloves (melded)
 v - a scarf of repulsion (melded)
 G - a +0 pair of boots (melded)
 K - the +2 helmet "Ymejac" (melded) {Dex+5}
   (You found it on level 9 of the Dungeon)

   It affects your dexterity (+5).
Jewellery
 q - a cursed +2 ring of evasion (left branch)
 w - an uncursed ring of resist corrosion
 y - an uncursed ring of protection from cold
 C - an uncursed ring of protection from cold
 F - a +2 ring of intelligence (right branch)
Scrolls
 d - 2 scrolls of remove curse {unknown}
 i - 3 scrolls of teleportation
 m - 4 scrolls of fog
 n - a scroll of magic mapping {unknown}
 u - 3 scrolls of enchant armour
 z - a scroll of noise {unknown}
 A - 2 scrolls of enchant weapon
 B - a scroll of fear {unknown}
Potions
 e - 2 potions of might
 f - 2 potions of flight
 h - a potion of lignification
 k - a potion of brilliance {unknown}
 l - a potion of haste
 o - a potion of resistance {unknown}
 p - a potion of ambrosia {unknown}
 s - 2 potions of mutation {unknown}
 t - 3 potions of curing {unknown}
 x - a potion of heal wounds {unknown}
Books
 b - a book of Frost

   Spells                             Type                      Level
   a - Freeze                         Ice                          1
   b - Throw Frost                    Conjuration/Ice              2
   c - Ozocubu's Armour               Charms/Ice                   3
   d - Throw Icicle                   Conjuration/Ice              4
   e - Summon Ice Beast               Ice/Summoning                4
 D - a book of Geomancy

   Spells                             Type                      Level
   a - Sandblast                      Earth                        1
   b - Passwall                       Transmutation/Earth          2
   c - Stone Arrow                    Conjuration/Earth            3
   d - Petrify                        Transmutation/Earth          4
   e - Lee's Rapid Deconstruction     Earth                        5
Comestibles
 c - 4 bread rations
 j - 12 royal jellies
 J - 9 fruits


   Skills:
 + Level 8.6 Dodging
 - Level 2.0 Stealth
 - Level 5.1 Spellcasting
 - Level 5.0 Conjurations
 + Level 4.6 Charms
 * Level 12.0 Ice Magic


You had 6 spell levels left.
You knew the following spells:

 Your Spells              Type           Power        Failure   Level  Hunger
a - Freeze                Ice            ####         1%          1    None
b - Throw Frost           Conj/Ice       #####.       1%          2    None
c - Ozocubu's Armour      Chrm/Ice       #####...     1%          3    ##.....
d - Throw Icicle          Conj/Ice       #####...     3%          4    ####...
e - Summon Ice Beast      Ice/Summ       ####....     9%          4    ####...


Dungeon Overview and Level Annotations

Branches:
Dungeon (10/15)            Temple (1/1) D:6            Lair (1/6) D:9
    Orc: D:9-12

Altars:
Ashenzari
Cheibriados
Dithmenos
Elyvilon
Fedhas
Gozag
Hepliaklqana
Kikubaaqudgha
Makhleb
Nemelex Xobeh
Okawaru
Qazlal
Ru
Sif Muna
Trog
Uskayaw
Vehumet
Xom
Yredelemnul
Zin
The Shining One

Annotations:
D:4 qepasa's ghost, amateur FoEn
D:10 Erolcha; MondaySad's ghost, journeyman MiBe


Innate Abilities, Weirdness & Mutations

You cannot read scrolls while threatened.
You cannot study or use magical devices.


Message History

You feel strangely unstable.
* * * LOW HITPOINT WARNING * * *
You feel sick. The killer bee stings you.
* * * LOW HITPOINT WARNING * * *
You are more poisoned.
The killer bee poisons you! The killer bee closely misses you.
The killer bee misses you.
It was a potion of lignification.
You turn into a tree.
Your scarf of repulsion melds into your body.
The +2 helmet "Ymejac" {Dex+5} melds into your body.
Your +0 pair of gloves melds into your body.
Your +0 pair of boots melds into your body.
The +0 robe "Ybohuhau" {Int+6} melds into your body.
The haze of the repulsion field disappears.
Your roots penetrate the ground.
You feel strangely stable.
* * * LOW HITPOINT WARNING * * *
You feel sick.
The killer bee stings you but does no damage.
The killer bee stings you.
You die...

##............# #######
#.............############
#................./..†....
#...........<.############
#..........>..#
#.............#
#........y.y..#
#........ySS..#
#.......y♣y...#
#.............#
#.##.########## #.##.#
#.##.# #....# ######


You could see 2 water moccasins and 5 killer bees.

Vanquished Creatures
  3 death yaks (D:8)
  The ghost of DorianNounverber the Caller, a novice MfSu of Vehumet (D:7)
  2 hornets (D:9)
  Sigmund (D:6)
  Eustachio (D:5)
  A soldier ant (D:9)
  An orc warrior (D:10)
  A sky beast (D:7)
  6 ice beasts
  3 centaurs
  5 ogres
  2 crocodiles
  Blork the orc (D:6)
  4 bullfrogs
  A wyvern skeleton (D:7)
  A scorpion (D:5)
  5 howler monkeys
  3 crimson imps
  A quasit (D:6)
  A bullfrog zombie (D:6)
  A centaur zombie (D:7)
  6 hounds
  8 orc wizards
  An orc priest (D:7)
  2 bullfrog skeletons
  An iguana (D:5)
  3 worker ants
  A hound zombie (D:6)
  8 adders
  4 gnolls (D:6)
  An ooze (D:2)
  2 worms
  2 dart slugs (D:3)
  7 leopard geckos
  24 orcs
  9 bats
  5 giant cockroaches
  13 goblins
  11 hobgoblins
  11 jackals
  5 quokkas
  A ball python (D:5)
  9 frilled lizards
  A jackal skeleton (D:5)
  8 kobolds
  7 rats
195 creatures vanquished.

Vanquished Creatures (collateral kills)
  A two-headed ogre (D:9)
  The ghost of Zepp the Cleaver, a novice HuFi of the Shining One (D:8)
  2 death yaks (D:8)
  A hippogriff (D:7)
  A hungry ghost (D:8)
  An orc warrior (D:6)
  2 worker ants
9 creatures vanquished.

Grand Total: 204 creatures vanquished

Notes
Turn   | Place    | Note
-------+----------+-------------------------------------------
     0 | D:1      | Ivernyr the Human Ice Elementalist began the quest for the Orb.
     0 | D:1      | Reached XP level 1. HP: 13/13 MP: 3/3
   105 | D:1      | Found a shattered altar of Ashenzari.
   219 | D:1      | Reached XP level 2. HP: 18/19 MP: 0/5
   720 | D:1      | Reached XP level 3. HP: 24/24 MP: 4/6
   743 | D:1      | Learned a level 2 spell: Throw Frost
  1426 | D:2      | Learned a level 3 spell: Ozocubu's Armour
  2083 | D:2      | Reached XP level 4. HP: 24/30 MP: 4/7
  2237 | D:2      | Found a radiant altar of Vehumet.
  2237 | D:2      | Found an iron altar of Okawaru.
  2296 | D:2      | Found a blossoming altar of Fedhas.
  2298 | D:2      | Found a shattered altar of Ashenzari.
  2299 | D:2      | Found a glowing golden altar of the Shining One.
  2543 | D:3      | Reached skill level 4 in Ice Magic
  3102 | D:3      | Reached XP level 5. HP: 35/35 MP: 5/9
  3563 | D:4      | Noticed qepasa's ghost (amateur FoEn)
  4167 | D:4      | Reached XP level 6. HP: 39/41 MP: 7/10
  4279 | D:4      | Reached skill level 5 in Ice Magic
  5138 | D:5      | Entered Level 5 of the Dungeon
  5138 | D:5      | Noticed an ice beast
  5162 | D:4      | Killed an ice beast
  5162 | D:4      | Reached XP level 7. HP: 23/46 MP: 12/12
  5549 | D:5      | Noticed Eustachio
  5720 | D:6      | HP: 2/46 [poisoned by Eustachio]
  6031 | D:5      | Killed Eustachio
  6031 | D:5      | Reached skill level 6 in Ice Magic
  6247 | D:5      | Found a stormy altar of Qazlal.
  6402 | D:5      | Got a thick robe
  6408 | D:5      | Identified the +0 robe "Ybohuhau" {Int+6} (You found it on level 5 of the Dungeon)
  6689 | D:5      | Reached XP level 8. HP: 43/52 MP: 9/14
  7102 | D:6      | Noticed Sigmund
  7385 | D:6      | Killed Sigmund
  7385 | D:6      | Reached skill level 5 in Spellcasting
  7385 | D:6      | Reached skill level 7 in Ice Magic
  7550 | D:6      | Noticed Blork the orc
  7562 | D:6      | Killed Blork the orc
  7643 | D:6      | Found a staircase to the Ecumenical Temple.
  7727 | Temple   | Entered the Ecumenical Temple
  7822 | Temple   | Became a worshipper of Ru the Awakened
  7910 | D:6      | Reached skill level 5 in Dodging
  8081 | D:6      | Reached XP level 9. HP: 16/57 MP: 13/16
  8084 | D:6      | Reached skill level 8 in Ice Magic
  8090 | D:6      | Learned a level 4 spell: Throw Icicle
  8095 | D:6      | Learned a level 4 spell: Summon Ice Beast
  9024 | D:7      | Noticed DorianNounverber's ghost (novice MfSu)
  9586 | D:7      | Reached skill level 9 in Ice Magic
  9817 | D:7      | Got a dazzling quarterstaff
  9818 | D:7      | Identified the +10 quarterstaff of Action {flame, rF+ rN+} (You found it on level 7 of the Dungeon)
  9903 | D:7      | Noticed a hippogriff
  9910 | D:7      | Killed a hippogriff
  9924 | D:7      | Killed DorianNounverber's ghost
  9924 | D:7      | Reached XP level 10. HP: 33/63 MP: 5/17
 10130 | D:7      | Gained mutation: You cannot study or use magical devices. [Ru sacrifice]
 10130 | D:7      | Reached * piety under Ru
 10130 | D:7      | Reached ** piety under Ru
 10614 | D:8      | Reached skill level 10 in Ice Magic
 10986 | D:8      | Reached skill level 5 in Conjurations
 11153 | D:8      | Noticed Zepp's ghost (novice HuFi)
 12165 | D:9      | Noticed a death yak
 12166 | D:9      | Noticed a death yak
 12173 | D:9      | Noticed a death yak
 12173 | D:9      | Noticed a death yak
 12183 | D:8      | Killed a death yak
 12183 | D:8      | Reached skill level 1 in Charms
 12330 | D:9      | Noticed a death yak
 12342 | D:8      | Killed a death yak
 12601 | D:9      | Noticed a two-headed ogre
 12609 | D:9      | Killed a two-headed ogre
 12786 | D:8      | Killed a death yak
 12786 | D:8      | Reached skill level 11 in Ice Magic
 13020 | D:8      | Killed Zepp's ghost
 13020 | D:8      | Reached XP level 11. HP: 27/68 MP: 8/18
 13248 | D:8      | Killed a death yak
 13424 | D:8      | Killed a death yak
 14231 | D:9      | Got a spiked helmet
 14242 | D:9      | Identified the +2 helmet "Ymejac" {Dex+5} (You found it on level 9 of the Dungeon)
 14249 | D:9      | Gained mutation: You cannot read scrolls while threatened. [Ru sacrifice]
 14249 | D:9      | Reached *** piety under Ru
 14372 | D:9      | Found a staircase to the Lair.
 14691 | D:10     | Entered Level 10 of the Dungeon
 14745 | D:10     | Noticed Erolcha
 14883 | D:10     | Noticed MondaySad's ghost (journeyman MiBe)
 14951 | D:9      | Reached skill level 12 in Ice Magic
 14956 | Lair:1   | Entered Level 1 of the Lair of Beasts
 14956 | Lair:1   | Noticed a five-headed hydra
 14979 | D:8      | HP: 3/68 [killer bee (4)]
 14980 | D:8      | Slain by a killer bee

Skill      XL: |  1  2  3  4  5  6  7  8  9 10 11 |
---------------+----------------------------------+-----
Ice Magic      | 4 5 6 7 9 11 12 | 12.0
Dodging        | 3 4 5 6 8 |  8.6
Spellcasting   | 3 4 5 |  5.1
Conjurations   | 2 4 5 |  5.0
Charms         | 3 4 |  4.6
Stealth        | |  2.0

Action                   |  1- 3 |  4- 6 |  7- 9 | 10-12 || total
-------------------------+-------+-------+-------+-------++-------
Melee: Unarmed           |    22 |     7 |       |       ||    29
       Flail             |       |    22 |   156 |       ||   178
       Quarterstaff      |       |       |    17 |   179 ||   196
 Cast: Freeze            |    51 |    93 |   130 |     9 ||   283
       Throw Frost       |     5 |     5 |    20 |    21 ||    51
       Ozocubu's Armour  |       |       |    27 |    18 ||    45
       Summon Ice Beast  |       |       |     2 |    26 ||    28
       Throw Icicle      |       |       |     2 |     2 ||     4
Invok: Sacrifice Artific |       |       |       |     1 ||     1
       Sacrifice Words   |       |       |       |     1 ||     1
  Use: Scroll            |       |       |       |     9 ||     9
       Potion            |       |       |       |     2 ||     2
 Stab: Sleeping          |       |       |     1 |     1 ||     2
       Distracted        |       |       |       |     2 ||     2
  Eat: Chunk             |     4 |     9 |    10 |     8 ||    31
       Fruit             |       |       |     2 |       ||     2
       Meat ration       |       |       |     1 |     1 ||     2
       Royal jelly       |       |       |     1 |       ||     1
       Bread ration      |       |       |       |     2 ||     2
Armor: Robe              |    10 |    19 |   107 |    56 ||   192
       Skin              |       |       |       |     1 ||     1
Dodge: Dodged            |    42 |    82 |   311 |   190 ||   625
       Deflected         |       |     1 |     2 |       ||     3
